%YAML 1.1
%TAG !u! tag:unity3d.com,2011:
--- !u!1 &5659559326243365140
GameObject:
  m_ObjectHideFlags: 0
  m_CorrespondingSourceObject: {fileID: 0}
  m_PrefabInstance: {fileID: 0}
  m_PrefabAsset: {fileID: 0}
  serializedVersion: 6
  m_Component:
  - component: {fileID: 7938344044703636406}
  m_Layer: 0
  m_Name: Hiasan Full 12
  m_TagString: Untagged
  m_Icon: {fileID: 0}
  m_NavMeshLayer: 0
  m_StaticEditorFlags: 0
  m_IsActive: 1
--- !u!4 &7938344044703636406
Transform:
  m_ObjectHideFlags: 0
  m_CorrespondingSourceObject: {fileID: 0}
  m_PrefabInstance: {fileID: 0}
  m_PrefabAsset: {fileID: 0}
  m_GameObject: {fileID: 5659559326243365140}
  m_LocalRotation: {x: 0, y: 0, z: 0, w: 1}
  m_LocalPosition: {x: 0, y: 0, z: 0}
  m_LocalScale: {x: 1, y: 1, z: 1}
  m_ConstrainProportionsScale: 0
  m_Children:
  - {fileID: 5333575265590347592}
  - {fileID: 8402329891796697023}
  - {fileID: 9085491078280952305}
  - {fileID: 4432869845298302801}
  - {fileID: 8112845986048174353}
  - {fileID: 6040206952640512699}
  - {fileID: 6881172296239194975}
  - {fileID: 1047574203606554980}
  m_Father: {fileID: 0}
  m_RootOrder: 0
  m_LocalEulerAnglesHint: {x: 0, y: 0, z: 0}
--- !u!1001 &2120599097887809308
PrefabInstance:
  m_ObjectHideFlags: 0
  serializedVersion: 2
  m_Modification:
    m_TransformParent: {fileID: 7938344044703636406}
    m_Modifications:
    - target: {fileID: 459668715731262098, guid: be0b8b8e65d1ed84482aa7a4d2f0a74f, type: 3}
      propertyPath: m_Mesh
      value: 
      objectReference: {fileID: 0}
    - target: {fileID: 817739532801684199, guid: be0b8b8e65d1ed84482aa7a4d2f0a74f, type: 3}
      propertyPath: m_Mesh
      value: 
      objectReference: {fileID: 0}
    - target: {fileID: 1320050080461402764, guid: be0b8b8e65d1ed84482aa7a4d2f0a74f, type: 3}
      propertyPath: m_Mesh
      value: 
      objectReference: {fileID: 0}
    - target: {fileID: 2616211819024840023, guid: be0b8b8e65d1ed84482aa7a4d2f0a74f, type: 3}
      propertyPath: m_Mesh
      value: 
      objectReference: {fileID: 0}
    - target: {fileID: 3106569212638768893, guid: be0b8b8e65d1ed84482aa7a4d2f0a74f, type: 3}
      propertyPath: m_Mesh
      value: 
      objectReference: {fileID: 0}
    - target: {fileID: 3624746878636716520, guid: be0b8b8e65d1ed84482aa7a4d2f0a74f, type: 3}
      propertyPath: m_Mesh
      value: 
      objectReference: {fileID: 0}
    - target: {fileID: 5121461197372575118, guid: be0b8b8e65d1ed84482aa7a4d2f0a74f, type: 3}
      propertyPath: m_Name
      value: Hiasan Scene 12 part 1.1
      objectReference: {fileID: 0}
    - target: {fileID: 6105728462158398510, guid: be0b8b8e65d1ed84482aa7a4d2f0a74f, type: 3}
      propertyPath: m_Mesh
      value: 
      objectReference: {fileID: 0}
    - target: {fileID: 7080378375181132562, guid: be0b8b8e65d1ed84482aa7a4d2f0a74f, type: 3}
      propertyPath: m_Mesh
      value: 
      objectReference: {fileID: 0}
    - target: {fileID: 7635557537062707363, guid: be0b8b8e65d1ed84482aa7a4d2f0a74f, type: 3}
      propertyPath: m_RootOrder
      value: 1
      objectReference: {fileID: 0}
    - target: {fileID: 7635557537062707363, guid: be0b8b8e65d1ed84482aa7a4d2f0a74f, type: 3}
      propertyPath: m_LocalPosition.x
      value: 94.05903
      objectReference: {fileID: 0}
    - target: {fileID: 7635557537062707363, guid: be0b8b8e65d1ed84482aa7a4d2f0a74f, type: 3}
      propertyPath: m_LocalPosition.y
      value: 1.3
      objectReference: {fileID: 0}
    - target: {fileID: 7635557537062707363, guid: be0b8b8e65d1ed84482aa7a4d2f0a74f, type: 3}
      propertyPath: m_LocalPosition.z
      value: 4.6
      objectReference: {fileID: 0}
    - target: {fileID: 7635557537062707363, guid: be0b8b8e65d1ed84482aa7a4d2f0a74f, type: 3}
      propertyPath: m_LocalRotation.w
      value: 1
      objectReference: {fileID: 0}
    - target: {fileID: 7635557537062707363, guid: be0b8b8e65d1ed84482aa7a4d2f0a74f, type: 3}
      propertyPath: m_LocalRotation.x
      value: 0
      objectReference: {fileID: 0}
    - target: {fileID: 7635557537062707363, guid: be0b8b8e65d1ed84482aa7a4d2f0a74f, type: 3}
      propertyPath: m_LocalRotation.y
      value: 0
      objectReference: {fileID: 0}
    - target: {fileID: 7635557537062707363, guid: be0b8b8e65d1ed84482aa7a4d2f0a74f, type: 3}
      propertyPath: m_LocalRotation.z
      value: 0
      objectReference: {fileID: 0}
    - target: {fileID: 7635557537062707363, guid: be0b8b8e65d1ed84482aa7a4d2f0a74f, type: 3}
      propertyPath: m_LocalEulerAnglesHint.x
      value: 0
      objectReference: {fileID: 0}
    - target: {fileID: 7635557537062707363, guid: be0b8b8e65d1ed84482aa7a4d2f0a74f, type: 3}
      propertyPath: m_LocalEulerAnglesHint.y
      value: 0
      objectReference: {fileID: 0}
    - target: {fileID: 7635557537062707363, guid: be0b8b8e65d1ed84482aa7a4d2f0a74f, type: 3}
      propertyPath: m_LocalEulerAnglesHint.z
      value: 0
      objectReference: {fileID: 0}
    - target: {fileID: 8310642242719463886, guid: be0b8b8e65d1ed84482aa7a4d2f0a74f, type: 3}
      propertyPath: m_Mesh
      value: 
      objectReference: {fileID: 0}
    - target: {fileID: 8310930509073298263, guid: be0b8b8e65d1ed84482aa7a4d2f0a74f, type: 3}
      propertyPath: m_Mesh
      value: 
      objectReference: {fileID: 0}
    - target: {fileID: 9183957781389901781, guid: be0b8b8e65d1ed84482aa7a4d2f0a74f, type: 3}
      propertyPath: m_Mesh
      value: 
      objectReference: {fileID: 0}
    - target: {fileID: 9206281305005334023, guid: be0b8b8e65d1ed84482aa7a4d2f0a74f, type: 3}
      propertyPath: m_Mesh
      value: 
      objectReference: {fileID: 0}
    m_RemovedComponents: []
  m_SourcePrefab: {fileID: 100100000, guid: be0b8b8e65d1ed84482aa7a4d2f0a74f, type: 3}
--- !u!4 &8402329891796697023 stripped
Transform:
  m_CorrespondingSourceObject: {fileID: 7635557537062707363, guid: be0b8b8e65d1ed84482aa7a4d2f0a74f, type: 3}
  m_PrefabInstance: {fileID: 2120599097887809308}
  m_PrefabAsset: {fileID: 0}
--- !u!1001 &2992432333693006030
PrefabInstance:
  m_ObjectHideFlags: 0
  serializedVersion: 2
  m_Modification:
    m_TransformParent: {fileID: 7938344044703636406}
    m_Modifications:
    - target: {fileID: 213408788850263090, guid: 682e7437054e15f4bb022f00ce5812b7, type: 3}
      propertyPath: m_Mesh
      value: 
      objectReference: {fileID: 0}
    - target: {fileID: 381841346748775199, guid: 682e7437054e15f4bb022f00ce5812b7, type: 3}
      propertyPath: m_Mesh
      value: 
      objectReference: {fileID: 0}
    - target: {fileID: 495574248185189014, guid: 682e7437054e15f4bb022f00ce5812b7, type: 3}
      propertyPath: m_Mesh
      value: 
      objectReference: {fileID: 0}
    - target: {fileID: 2828778752410358211, guid: 682e7437054e15f4bb022f00ce5812b7, type: 3}
      propertyPath: m_Mesh
      value: 
      objectReference: {fileID: 0}
    - target: {fileID: 4564590046255375219, guid: 682e7437054e15f4bb022f00ce5812b7, type: 3}
      propertyPath: m_Mesh
      value: 
      objectReference: {fileID: 0}
    - target: {fileID: 4772364065738668417, guid: 682e7437054e15f4bb022f00ce5812b7, type: 3}
      propertyPath: m_Mesh
      value: 
      objectReference: {fileID: 0}
    - target: {fileID: 5507527941595883363, guid: 682e7437054e15f4bb022f00ce5812b7, type: 3}
      propertyPath: m_Mesh
      value: 
      objectReference: {fileID: 0}
    - target: {fileID: 6110410731639156802, guid: 682e7437054e15f4bb022f00ce5812b7, type: 3}
      propertyPath: m_Name
      value: Hiasan Scene 12 Part 2.0
      objectReference: {fileID: 0}
    - target: {fileID: 6309935216827861311, guid: 682e7437054e15f4bb022f00ce5812b7, type: 3}
      propertyPath: m_RootOrder
      value: 2
      objectReference: {fileID: 0}
    - target: {fileID: 6309935216827861311, guid: 682e7437054e15f4bb022f00ce5812b7, type: 3}
      propertyPath: m_LocalPosition.x
      value: 223.9
      objectReference: {fileID: 0}
    - target: {fileID: 6309935216827861311, guid: 682e7437054e15f4bb022f00ce5812b7, type: 3}
      propertyPath: m_LocalPosition.y
      value: 0
      objectReference: {fileID: 0}
    - target: {fileID: 6309935216827861311, guid: 682e7437054e15f4bb022f00ce5812b7, type: 3}
      propertyPath: m_LocalPosition.z
      value: 0
      objectReference: {fileID: 0}
    - target: {fileID: 6309935216827861311, guid: 682e7437054e15f4bb022f00ce5812b7, type: 3}
      propertyPath: m_LocalRotation.w
      value: 1
      objectReference: {fileID: 0}
    - target: {fileID: 6309935216827861311, guid: 682e7437054e15f4bb022f00ce5812b7, type: 3}
      propertyPath: m_LocalRotation.x
      value: 0
      objectReference: {fileID: 0}
    - target: {fileID: 6309935216827861311, guid: 682e7437054e15f4bb022f00ce5812b7, type: 3}
      propertyPath: m_LocalRotation.y
      value: 0
      objectReference: {fileID: 0}
    - target: {fileID: 6309935216827861311, guid: 682e7437054e15f4bb022f00ce5812b7, type: 3}
      propertyPath: m_LocalRotation.z
      value: 0
      objectReference: {fileID: 0}
    - target: {fileID: 6309935216827861311, guid: 682e7437054e15f4bb022f00ce5812b7, type: 3}
      propertyPath: m_LocalEulerAnglesHint.x
      value: 0
      objectReference: {fileID: 0}
    - target: {fileID: 6309935216827861311, guid: 682e7437054e15f4bb022f00ce5812b7, type: 3}
      propertyPath: m_LocalEulerAnglesHint.y
      value: 0
      objectReference: {fileID: 0}
    - target: {fileID: 6309935216827861311, guid: 682e7437054e15f4bb022f00ce5812b7, type: 3}
      propertyPath: m_LocalEulerAnglesHint.z
      value: 0
      objectReference: {fileID: 0}
    - target: {fileID: 6722631446094071789, guid: 682e7437054e15f4bb022f00ce5812b7, type: 3}
      propertyPath: m_Mesh
      value: 
      objectReference: {fileID: 0}
    - target: {fileID: 6962408301209450137, guid: 682e7437054e15f4bb022f00ce5812b7, type: 3}
      propertyPath: m_Mesh
      value: 
      objectReference: {fileID: 0}
    - target: {fileID: 8136086367864862716, guid: 682e7437054e15f4bb022f00ce5812b7, type: 3}
      propertyPath: m_Mesh
      value: 
      objectReference: {fileID: 0}
    - target: {fileID: 8599004946488626488, guid: 682e7437054e15f4bb022f00ce5812b7, type: 3}
      propertyPath: m_Mesh
      value: 
      objectReference: {fileID: 0}
    - target: {fileID: 9015743541183981988, guid: 682e7437054e15f4bb022f00ce5812b7, type: 3}
      propertyPath: m_Mesh
      value: 
      objectReference: {fileID: 0}
    m_RemovedComponents: []
  m_SourcePrefab: {fileID: 100100000, guid: 682e7437054e15f4bb022f00ce5812b7, type: 3}
--- !u!4 &9085491078280952305 stripped
Transform:
  m_CorrespondingSourceObject: {fileID: 6309935216827861311, guid: 682e7437054e15f4bb022f00ce5812b7, type: 3}
  m_PrefabInstance: {fileID: 2992432333693006030}
  m_PrefabAsset: {fileID: 0}
--- !u!1001 &5461162425752938628
PrefabInstance:
  m_ObjectHideFlags: 0
  serializedVersion: 2
  m_Modification:
    m_TransformParent: {fileID: 7938344044703636406}
    m_Modifications:
    - target: {fileID: 129856965024444364, guid: d4a76712b11bb6c42be43b067d1da5b4, type: 3}
      propertyPath: m_RootOrder
      value: 0
      objectReference: {fileID: 0}
    - target: {fileID: 129856965024444364, guid: d4a76712b11bb6c42be43b067d1da5b4, type: 3}
      propertyPath: m_LocalPosition.x
      value: 0
      objectReference: {fileID: 0}
    - target: {fileID: 129856965024444364, guid: d4a76712b11bb6c42be43b067d1da5b4, type: 3}
      propertyPath: m_LocalPosition.y
      value: 0
      objectReference: {fileID: 0}
    - target: {fileID: 129856965024444364, guid: d4a76712b11bb6c42be43b067d1da5b4, type: 3}
      propertyPath: m_LocalPosition.z
      value: 0
      objectReference: {fileID: 0}
    - target: {fileID: 129856965024444364, guid: d4a76712b11bb6c42be43b067d1da5b4, type: 3}
      propertyPath: m_LocalRotation.w
      value: 1
      objectReference: {fileID: 0}
    - target: {fileID: 129856965024444364, guid: d4a76712b11bb6c42be43b067d1da5b4, type: 3}
      propertyPath: m_LocalRotation.x
      value: 0
      objectReference: {fileID: 0}
    - target: {fileID: 129856965024444364, guid: d4a76712b11bb6c42be43b067d1da5b4, type: 3}
      propertyPath: m_LocalRotation.y
      value: 0
      objectReference: {fileID: 0}
    - target: {fileID: 129856965024444364, guid: d4a76712b11bb6c42be43b067d1da5b4, type: 3}
      propertyPath: m_LocalRotation.z
      value: 0
      objectReference: {fileID: 0}
    - target: {fileID: 129856965024444364, guid: d4a76712b11bb6c42be43b067d1da5b4, type: 3}
      propertyPath: m_LocalEulerAnglesHint.x
      value: 0
      objectReference: {fileID: 0}
    - target: {fileID: 129856965024444364, guid: d4a76712b11bb6c42be43b067d1da5b4, type: 3}
      propertyPath: m_LocalEulerAnglesHint.y
      value: 0
      objectReference: {fileID: 0}
    - target: {fileID: 129856965024444364, guid: d4a76712b11bb6c42be43b067d1da5b4, type: 3}
      propertyPath: m_LocalEulerAnglesHint.z
      value: 0
      objectReference: {fileID: 0}
    - target: {fileID: 184848464338933425, guid: d4a76712b11bb6c42be43b067d1da5b4, type: 3}
      propertyPath: m_Name
      value: Hiasan Scene 12 Part 1.0
      objectReference: {fileID: 0}
    - target: {fileID: 799293499306025246, guid: d4a76712b11bb6c42be43b067d1da5b4, type: 3}
      propertyPath: m_Mesh
      value: 
      objectReference: {fileID: 0}
    - target: {fileID: 1470121024465264498, guid: d4a76712b11bb6c42be43b067d1da5b4, type: 3}
      propertyPath: m_Mesh
      value: 
      objectReference: {fileID: 0}
    - target: {fileID: 1887738211551707536, guid: d4a76712b11bb6c42be43b067d1da5b4, type: 3}
      propertyPath: m_Mesh
      value: 
      objectReference: {fileID: 0}
    - target: {fileID: 2380699879131114443, guid: d4a76712b11bb6c42be43b067d1da5b4, type: 3}
      propertyPath: m_Mesh
      value: 
      objectReference: {fileID: 0}
    - target: {fileID: 2789157451098706191, guid: d4a76712b11bb6c42be43b067d1da5b4, type: 3}
      propertyPath: m_Mesh
      value: 
      objectReference: {fileID: 0}
    - target: {fileID: 3117166484584910679, guid: d4a76712b11bb6c42be43b067d1da5b4, type: 3}
      propertyPath: m_Mesh
      value: 
      objectReference: {fileID: 0}
    - target: {fileID: 3946083372030562410, guid: d4a76712b11bb6c42be43b067d1da5b4, type: 3}
      propertyPath: m_Mesh
      value: 
      objectReference: {fileID: 0}
    - target: {fileID: 5817699342031271013, guid: d4a76712b11bb6c42be43b067d1da5b4, type: 3}
      propertyPath: m_Mesh
      value: 
      objectReference: {fileID: 0}
    - target: {fileID: 5985475442140814828, guid: d4a76712b11bb6c42be43b067d1da5b4, type: 3}
      propertyPath: m_Mesh
      value: 
      objectReference: {fileID: 0}
    - target: {fileID: 6100709213396869825, guid: d4a76712b11bb6c42be43b067d1da5b4, type: 3}
      propertyPath: m_Mesh
      value: 
      objectReference: {fileID: 0}
    - target: {fileID: 7567334812733736320, guid: d4a76712b11bb6c42be43b067d1da5b4, type: 3}
      propertyPath: m_Mesh
      value: 
      objectReference: {fileID: 0}
    - target: {fileID: 8150930200145917744, guid: d4a76712b11bb6c42be43b067d1da5b4, type: 3}
      propertyPath: m_Mesh
      value: 
      objectReference: {fileID: 0}
    m_RemovedComponents: []
  m_SourcePrefab: {fileID: 100100000, guid: d4a76712b11bb6c42be43b067d1da5b4, type: 3}
--- !u!4 &5333575265590347592 stripped
Transform:
  m_CorrespondingSourceObject: {fileID: 129856965024444364, guid: d4a76712b11bb6c42be43b067d1da5b4, type: 3}
  m_PrefabInstance: {fileID: 5461162425752938628}
  m_PrefabAsset: {fileID: 0}
--- !u!1001 &6525327505802147836
PrefabInstance:
  m_ObjectHideFlags: 0
  serializedVersion: 2
  m_Modification:
    m_TransformParent: {fileID: 7938344044703636406}
    m_Modifications:
    - target: {fileID: 77015892141287461, guid: 3da5be313ce6b944eb702132169fe21e, type: 3}
      propertyPath: m_Mesh
      value: 
      objectReference: {fileID: 0}
    - target: {fileID: 400377808119446652, guid: 3da5be313ce6b944eb702132169fe21e, type: 3}
      propertyPath: m_Mesh
      value: 
      objectReference: {fileID: 0}
    - target: {fileID: 776616326213105504, guid: 3da5be313ce6b944eb702132169fe21e, type: 3}
      propertyPath: m_Name
      value: Hiasan Scene 12 Part 3.0
      objectReference: {fileID: 0}
    - target: {fileID: 914958423651813271, guid: 3da5be313ce6b944eb702132169fe21e, type: 3}
      propertyPath: m_Mesh
      value: 
      objectReference: {fileID: 0}
    - target: {fileID: 1333503284887432070, guid: 3da5be313ce6b944eb702132169fe21e, type: 3}
      propertyPath: m_Mesh
      value: 
      objectReference: {fileID: 0}
    - target: {fileID: 1630571238552983049, guid: 3da5be313ce6b944eb702132169fe21e, type: 3}
      propertyPath: m_Mesh
      value: 
      objectReference: {fileID: 0}
    - target: {fileID: 1905202978005912407, guid: 3da5be313ce6b944eb702132169fe21e, type: 3}
      propertyPath: m_Mesh
      value: 
      objectReference: {fileID: 0}
    - target: {fileID: 2337996688977954461, guid: 3da5be313ce6b944eb702132169fe21e, type: 3}
      propertyPath: m_Mesh
      value: 
      objectReference: {fileID: 0}
    - target: {fileID: 2945955784368740581, guid: 3da5be313ce6b944eb702132169fe21e, type: 3}
      propertyPath: m_Mesh
      value: 
      objectReference: {fileID: 0}
    - target: {fileID: 3033175156248207085, guid: 3da5be313ce6b944eb702132169fe21e, type: 3}
      propertyPath: m_RootOrder
      value: 4
      objectReference: {fileID: 0}
    - target: {fileID: 3033175156248207085, guid: 3da5be313ce6b944eb702132169fe21e, type: 3}
      propertyPath: m_LocalPosition.x
      value: 422.8
      objectReference: {fileID: 0}
    - target: {fileID: 3033175156248207085, guid: 3da5be313ce6b944eb702132169fe21e, type: 3}
      propertyPath: m_LocalPosition.y
      value: 0
      objectReference: {fileID: 0}
    - target: {fileID: 3033175156248207085, guid: 3da5be313ce6b944eb702132169fe21e, type: 3}
      propertyPath: m_LocalPosition.z
      value: 0
      objectReference: {fileID: 0}
    - target: {fileID: 3033175156248207085, guid: 3da5be313ce6b944eb702132169fe21e, type: 3}
      propertyPath: m_LocalRotation.w
      value: 1
      objectReference: {fileID: 0}
    - target: {fileID: 3033175156248207085, guid: 3da5be313ce6b944eb702132169fe21e, type: 3}
      propertyPath: m_LocalRotation.x
      value: 0
      objectReference: {fileID: 0}
    - target: {fileID: 3033175156248207085, guid: 3da5be313ce6b944eb702132169fe21e, type: 3}
      propertyPath: m_LocalRotation.y
      value: 0
      objectReference: {fileID: 0}
    - target: {fileID: 3033175156248207085, guid: 3da5be313ce6b944eb702132169fe21e, type: 3}
      propertyPath: m_LocalRotation.z
      value: 0
      objectReference: {fileID: 0}
    - target: {fileID: 3033175156248207085, guid: 3da5be313ce6b944eb702132169fe21e, type: 3}
      propertyPath: m_LocalEulerAnglesHint.x
      value: 0
      objectReference: {fileID: 0}
    - target: {fileID: 3033175156248207085, guid: 3da5be313ce6b944eb702132169fe21e, type: 3}
      propertyPath: m_LocalEulerAnglesHint.y
      value: 0
      objectReference: {fileID: 0}
    - target: {fileID: 3033175156248207085, guid: 3da5be313ce6b944eb702132169fe21e, type: 3}
      propertyPath: m_LocalEulerAnglesHint.z
      value: 0
      objectReference: {fileID: 0}
    - target: {fileID: 4736245861562307727, guid: 3da5be313ce6b944eb702132169fe21e, type: 3}
      propertyPath: m_Mesh
      value: 
      objectReference: {fileID: 0}
    - target: {fileID: 6825807813240616434, guid: 3da5be313ce6b944eb702132169fe21e, type: 3}
      propertyPath: m_Mesh
      value: 
      objectReference: {fileID: 0}
    - target: {fileID: 8077446865642629257, guid: 3da5be313ce6b944eb702132169fe21e, type: 3}
      propertyPath: m_Mesh
      value: 
      objectReference: {fileID: 0}
    - target: {fileID: 8260012099816429220, guid: 3da5be313ce6b944eb702132169fe21e, type: 3}
      propertyPath: m_Mesh
      value: 
      objectReference: {fileID: 0}
    m_RemovedComponents: []
  m_SourcePrefab: {fileID: 100100000, guid: 3da5be313ce6b944eb702132169fe21e, type: 3}
--- !u!4 &8112845986048174353 stripped
Transform:
  m_CorrespondingSourceObject: {fileID: 3033175156248207085, guid: 3da5be313ce6b944eb702132169fe21e, type: 3}
  m_PrefabInstance: {fileID: 6525327505802147836}
  m_PrefabAsset: {fileID: 0}
--- !u!1001 &6823953468881685651
PrefabInstance:
  m_ObjectHideFlags: 0
  serializedVersion: 2
  m_Modification:
    m_TransformParent: {fileID: 7938344044703636406}
    m_Modifications:
    - target: {fileID: 129856965024444364, guid: 334ab44b9ba4a834d8c0f039779a737f, type: 3}
      propertyPath: m_RootOrder
      value: 6
      objectReference: {fileID: 0}
    - target: {fileID: 129856965024444364, guid: 334ab44b9ba4a834d8c0f039779a737f, type: 3}
      propertyPath: m_LocalPosition.x
      value: 0
      objectReference: {fileID: 0}
    - target: {fileID: 129856965024444364, guid: 334ab44b9ba4a834d8c0f039779a737f, type: 3}
      propertyPath: m_LocalPosition.y
      value: 0
      objectReference: {fileID: 0}
    - target: {fileID: 129856965024444364, guid: 334ab44b9ba4a834d8c0f039779a737f, type: 3}
      propertyPath: m_LocalPosition.z
      value: 0
      objectReference: {fileID: 0}
    - target: {fileID: 129856965024444364, guid: 334ab44b9ba4a834d8c0f039779a737f, type: 3}
      propertyPath: m_LocalRotation.w
      value: 1
      objectReference: {fileID: 0}
    - target: {fileID: 129856965024444364, guid: 334ab44b9ba4a834d8c0f039779a737f, type: 3}
      propertyPath: m_LocalRotation.x
      value: 0
      objectReference: {fileID: 0}
    - target: {fileID: 129856965024444364, guid: 334ab44b9ba4a834d8c0f039779a737f, type: 3}
      propertyPath: m_LocalRotation.y
      value: 0
      objectReference: {fileID: 0}
    - target: {fileID: 129856965024444364, guid: 334ab44b9ba4a834d8c0f039779a737f, type: 3}
      propertyPath: m_LocalRotation.z
      value: 0
      objectReference: {fileID: 0}
    - target: {fileID: 129856965024444364, guid: 334ab44b9ba4a834d8c0f039779a737f, type: 3}
      propertyPath: m_LocalEulerAnglesHint.x
      value: 0
      objectReference: {fileID: 0}
    - target: {fileID: 129856965024444364, guid: 334ab44b9ba4a834d8c0f039779a737f, type: 3}
      propertyPath: m_LocalEulerAnglesHint.y
      value: 0
      objectReference: {fileID: 0}
    - target: {fileID: 129856965024444364, guid: 334ab44b9ba4a834d8c0f039779a737f, type: 3}
      propertyPath: m_LocalEulerAnglesHint.z
      value: 0
      objectReference: {fileID: 0}
    - target: {fileID: 184848464338933425, guid: 334ab44b9ba4a834d8c0f039779a737f, type: 3}
      propertyPath: m_Name
      value: Hiasan Scene 12
      objectReference: {fileID: 0}
    - target: {fileID: 799293499306025246, guid: 334ab44b9ba4a834d8c0f039779a737f, type: 3}
      propertyPath: m_Mesh
      value: 
      objectReference: {fileID: 0}
    - target: {fileID: 1470121024465264498, guid: 334ab44b9ba4a834d8c0f039779a737f, type: 3}
      propertyPath: m_Mesh
      value: 
      objectReference: {fileID: 0}
    - target: {fileID: 1887738211551707536, guid: 334ab44b9ba4a834d8c0f039779a737f, type: 3}
      propertyPath: m_Mesh
      value: 
      objectReference: {fileID: 0}
    - target: {fileID: 2380699879131114443, guid: 334ab44b9ba4a834d8c0f039779a737f, type: 3}
      propertyPath: m_Mesh
      value: 
      objectReference: {fileID: 0}
    - target: {fileID: 2789157451098706191, guid: 334ab44b9ba4a834d8c0f039779a737f, type: 3}
      propertyPath: m_Mesh
      value: 
      objectReference: {fileID: 0}
    - target: {fileID: 3117166484584910679, guid: 334ab44b9ba4a834d8c0f039779a737f, type: 3}
      propertyPath: m_Mesh
      value: 
      objectReference: {fileID: 0}
    - target: {fileID: 3946083372030562410, guid: 334ab44b9ba4a834d8c0f039779a737f, type: 3}
      propertyPath: m_Mesh
      value: 
      objectReference: {fileID: 0}
    - target: {fileID: 5817699342031271013, guid: 334ab44b9ba4a834d8c0f039779a737f, type: 3}
      propertyPath: m_Mesh
      value: 
      objectReference: {fileID: 0}
    - target: {fileID: 5985475442140814828, guid: 334ab44b9ba4a834d8c0f039779a737f, type: 3}
      propertyPath: m_Mesh
      value: 
      objectReference: {fileID: 0}
    - target: {fileID: 6100709213396869825, guid: 334ab44b9ba4a834d8c0f039779a737f, type: 3}
      propertyPath: m_Mesh
      value: 
      objectReference: {fileID: 0}
    - target: {fileID: 7567334812733736320, guid: 334ab44b9ba4a834d8c0f039779a737f, type: 3}
      propertyPath: m_Mesh
      value: 
      objectReference: {fileID: 0}
    - target: {fileID: 8150930200145917744, guid: 334ab44b9ba4a834d8c0f039779a737f, type: 3}
      propertyPath: m_Mesh
      value: 
      objectReference: {fileID: 0}
    m_RemovedComponents: []
  m_SourcePrefab: {fileID: 100100000, guid: 334ab44b9ba4a834d8c0f039779a737f, type: 3}
--- !u!4 &6881172296239194975 stripped
Transform:
  m_CorrespondingSourceObject: {fileID: 129856965024444364, guid: 334ab44b9ba4a834d8c0f039779a737f, type: 3}
  m_PrefabInstance: {fileID: 6823953468881685651}
  m_PrefabAsset: {fileID: 0}
--- !u!1001 &7205163000353126695
PrefabInstance:
  m_ObjectHideFlags: 0
  serializedVersion: 2
  m_Modification:
    m_TransformParent: {fileID: 7938344044703636406}
    m_Modifications:
    - target: {fileID: 392747413863178849, guid: 08df13e9a140092468181dee32fac306, type: 3}
      propertyPath: m_Mesh
      value: 
      objectReference: {fileID: 0}
    - target: {fileID: 505206731911613298, guid: 08df13e9a140092468181dee32fac306, type: 3}
      propertyPath: m_Mesh
      value: 
      objectReference: {fileID: 0}
    - target: {fileID: 1309885451552317739, guid: 08df13e9a140092468181dee32fac306, type: 3}
      propertyPath: m_Mesh
      value: 
      objectReference: {fileID: 0}
    - target: {fileID: 1699173275173284417, guid: 08df13e9a140092468181dee32fac306, type: 3}
      propertyPath: m_Mesh
      value: 
      objectReference: {fileID: 0}
    - target: {fileID: 3868781104847628328, guid: 08df13e9a140092468181dee32fac306, type: 3}
      propertyPath: m_Mesh
      value: 
      objectReference: {fileID: 0}
    - target: {fileID: 4303106281396329446, guid: 08df13e9a140092468181dee32fac306, type: 3}
      propertyPath: m_Name
      value: Hiasan Scene 12 part 2.1
      objectReference: {fileID: 0}
    - target: {fileID: 4768421413743916537, guid: 08df13e9a140092468181dee32fac306, type: 3}
      propertyPath: m_Mesh
      value: 
      objectReference: {fileID: 0}
    - target: {fileID: 4917087665103672139, guid: 08df13e9a140092468181dee32fac306, type: 3}
      propertyPath: m_Mesh
      value: 
      objectReference: {fileID: 0}
    - target: {fileID: 4926024531804555547, guid: 08df13e9a140092468181dee32fac306, type: 3}
      propertyPath: m_Mesh
      value: 
      objectReference: {fileID: 0}
    - target: {fileID: 6323733871060694110, guid: 08df13e9a140092468181dee32fac306, type: 3}
      propertyPath: m_Mesh
      value: 
      objectReference: {fileID: 0}
    - target: {fileID: 6435868195549792610, guid: 08df13e9a140092468181dee32fac306, type: 3}
      propertyPath: m_Mesh
      value: 
      objectReference: {fileID: 0}
    - target: {fileID: 6807567077253985910, guid: 08df13e9a140092468181dee32fac306, type: 3}
      propertyPath: m_RootOrder
      value: 3
      objectReference: {fileID: 0}
    - target: {fileID: 6807567077253985910, guid: 08df13e9a140092468181dee32fac306, type: 3}
      propertyPath: m_LocalPosition.x
      value: 319.8
      objectReference: {fileID: 0}
    - target: {fileID: 6807567077253985910, guid: 08df13e9a140092468181dee32fac306, type: 3}
      propertyPath: m_LocalPosition.y
      value: 1.3
      objectReference: {fileID: 0}
    - target: {fileID: 6807567077253985910, guid: 08df13e9a140092468181dee32fac306, type: 3}
      propertyPath: m_LocalPosition.z
      value: 4.6
      objectReference: {fileID: 0}
    - target: {fileID: 6807567077253985910, guid: 08df13e9a140092468181dee32fac306, type: 3}
      propertyPath: m_LocalRotation.w
      value: 1
      objectReference: {fileID: 0}
    - target: {fileID: 6807567077253985910, guid: 08df13e9a140092468181dee32fac306, type: 3}
      propertyPath: m_LocalRotation.x
      value: 0
      objectReference: {fileID: 0}
    - target: {fileID: 6807567077253985910, guid: 08df13e9a140092468181dee32fac306, type: 3}
      propertyPath: m_LocalRotation.y
      value: 0
      objectReference: {fileID: 0}
    - target: {fileID: 6807567077253985910, guid: 08df13e9a140092468181dee32fac306, type: 3}
      propertyPath: m_LocalRotation.z
      value: 0
      objectReference: {fileID: 0}
    - target: {fileID: 6807567077253985910, guid: 08df13e9a140092468181dee32fac306, type: 3}
      propertyPath: m_LocalEulerAnglesHint.x
      value: 0
      objectReference: {fileID: 0}
    - target: {fileID: 6807567077253985910, guid: 08df13e9a140092468181dee32fac306, type: 3}
      propertyPath: m_LocalEulerAnglesHint.y
      value: 0
      objectReference: {fileID: 0}
    - target: {fileID: 6807567077253985910, guid: 08df13e9a140092468181dee32fac306, type: 3}
      propertyPath: m_LocalEulerAnglesHint.z
      value: 0
      objectReference: {fileID: 0}
    - target: {fileID: 6991756883377147557, guid: 08df13e9a140092468181dee32fac306, type: 3}
      propertyPath: m_Mesh
      value: 
      objectReference: {fileID: 0}
    - target: {fileID: 7548613247777500593, guid: 08df13e9a140092468181dee32fac306, type: 3}
      propertyPath: m_Mesh
      value: 
      objectReference: {fileID: 0}
    m_RemovedComponents: []
  m_SourcePrefab: {fileID: 100100000, guid: 08df13e9a140092468181dee32fac306, type: 3}
--- !u!4 &4432869845298302801 stripped
Transform:
  m_CorrespondingSourceObject: {fileID: 6807567077253985910, guid: 08df13e9a140092468181dee32fac306, type: 3}
  m_PrefabInstance: {fileID: 7205163000353126695}
  m_PrefabAsset: {fileID: 0}
--- !u!1001 &8948519093033452692
PrefabInstance:
  m_ObjectHideFlags: 0
  serializedVersion: 2
  m_Modification:
    m_TransformParent: {fileID: 7938344044703636406}
    m_Modifications:
    - target: {fileID: 1665596295194511804, guid: 918db9ed652b35941bdbf0d08af9594f, type: 3}
      propertyPath: m_Name
      value: Terrain Scene 12
      objectReference: {fileID: 0}
    - target: {fileID: 8261358204539870704, guid: 918db9ed652b35941bdbf0d08af9594f, type: 3}
      propertyPath: m_RootOrder
      value: 7
      objectReference: {fileID: 0}
    - target: {fileID: 8261358204539870704, guid: 918db9ed652b35941bdbf0d08af9594f, type: 3}
      propertyPath: m_LocalPosition.x
      value: -7.9140472
      objectReference: {fileID: 0}
    - target: {fileID: 8261358204539870704, guid: 918db9ed652b35941bdbf0d08af9594f, type: 3}
      propertyPath: m_LocalPosition.y
      value: -4.495373
      objectReference: {fileID: 0}
    - target: {fileID: 8261358204539870704, guid: 918db9ed652b35941bdbf0d08af9594f, type: 3}
      propertyPath: m_LocalPosition.z
      value: -13.07674
      objectReference: {fileID: 0}
    - target: {fileID: 8261358204539870704, guid: 918db9ed652b35941bdbf0d08af9594f, type: 3}
      propertyPath: m_LocalRotation.w
      value: 1
      objectReference: {fileID: 0}
    - target: {fileID: 8261358204539870704, guid: 918db9ed652b35941bdbf0d08af9594f, type: 3}
      propertyPath: m_LocalRotation.x
      value: -0
      objectReference: {fileID: 0}
    - target: {fileID: 8261358204539870704, guid: 918db9ed652b35941bdbf0d08af9594f, type: 3}
      propertyPath: m_LocalRotation.y
      value: -0
      objectReference: {fileID: 0}
    - target: {fileID: 8261358204539870704, guid: 918db9ed652b35941bdbf0d08af9594f, type: 3}
      propertyPath: m_LocalRotation.z
      value: -0
      objectReference: {fileID: 0}
    - target: {fileID: 8261358204539870704, guid: 918db9ed652b35941bdbf0d08af9594f, type: 3}
      propertyPath: m_LocalEulerAnglesHint.x
      value: 0
      objectReference: {fileID: 0}
    - target: {fileID: 8261358204539870704, guid: 918db9ed652b35941bdbf0d08af9594f, type: 3}
      propertyPath: m_LocalEulerAnglesHint.y
      value: 0
      objectReference: {fileID: 0}
    - target: {fileID: 8261358204539870704, guid: 918db9ed652b35941bdbf0d08af9594f, type: 3}
      propertyPath: m_LocalEulerAnglesHint.z
      value: 0
      objectReference: {fileID: 0}
    m_RemovedComponents: []
  m_SourcePrefab: {fileID: 100100000, guid: 918db9ed652b35941bdbf0d08af9594f, type: 3}
--- !u!4 &1047574203606554980 stripped
Transform:
  m_CorrespondingSourceObject: {fileID: 8261358204539870704, guid: 918db9ed652b35941bdbf0d08af9594f, type: 3}
  m_PrefabInstance: {fileID: 8948519093033452692}
  m_PrefabAsset: {fileID: 0}
--- !u!1001 &9211201981692006290
PrefabInstance:
  m_ObjectHideFlags: 0
  serializedVersion: 2
  m_Modification:
    m_TransformParent: {fileID: 7938344044703636406}
    m_Modifications:
    - target: {fileID: 872433867812271831, guid: bb030c0ebc1e52d4788e094222b649cf, type: 3}
      propertyPath: m_Mesh
      value: 
      objectReference: {fileID: 0}
    - target: {fileID: 949275871707390018, guid: bb030c0ebc1e52d4788e094222b649cf, type: 3}
      propertyPath: m_Mesh
      value: 
      objectReference: {fileID: 0}
    - target: {fileID: 2212972940217420114, guid: bb030c0ebc1e52d4788e094222b649cf, type: 3}
      propertyPath: m_Name
      value: Hiasan Scene 12 part 3.1
      objectReference: {fileID: 0}
    - target: {fileID: 2233124252393110012, guid: bb030c0ebc1e52d4788e094222b649cf, type: 3}
      propertyPath: m_Mesh
      value: 
      objectReference: {fileID: 0}
    - target: {fileID: 2959338923306544287, guid: bb030c0ebc1e52d4788e094222b649cf, type: 3}
      propertyPath: m_Mesh
      value: 
      objectReference: {fileID: 0}
    - target: {fileID: 3172754458272320809, guid: bb030c0ebc1e52d4788e094222b649cf, type: 3}
      propertyPath: m_RootOrder
      value: 5
      objectReference: {fileID: 0}
    - target: {fileID: 3172754458272320809, guid: bb030c0ebc1e52d4788e094222b649cf, type: 3}
      propertyPath: m_LocalPosition.x
      value: 517.9
      objectReference: {fileID: 0}
    - target: {fileID: 3172754458272320809, guid: bb030c0ebc1e52d4788e094222b649cf, type: 3}
      propertyPath: m_LocalPosition.y
      value: 1.3
      objectReference: {fileID: 0}
    - target: {fileID: 3172754458272320809, guid: bb030c0ebc1e52d4788e094222b649cf, type: 3}
      propertyPath: m_LocalPosition.z
      value: 4.6
      objectReference: {fileID: 0}
    - target: {fileID: 3172754458272320809, guid: bb030c0ebc1e52d4788e094222b649cf, type: 3}
      propertyPath: m_LocalRotation.w
      value: 1
      objectReference: {fileID: 0}
    - target: {fileID: 3172754458272320809, guid: bb030c0ebc1e52d4788e094222b649cf, type: 3}
      propertyPath: m_LocalRotation.x
      value: 0
      objectReference: {fileID: 0}
    - target: {fileID: 3172754458272320809, guid: bb030c0ebc1e52d4788e094222b649cf, type: 3}
      propertyPath: m_LocalRotation.y
      value: 0
      objectReference: {fileID: 0}
    - target: {fileID: 3172754458272320809, guid: bb030c0ebc1e52d4788e094222b649cf, type: 3}
      propertyPath: m_LocalRotation.z
      value: 0
      objectReference: {fileID: 0}
    - target: {fileID: 3172754458272320809, guid: bb030c0ebc1e52d4788e094222b649cf, type: 3}
      propertyPath: m_LocalEulerAnglesHint.x
      value: 0
      objectReference: {fileID: 0}
    - target: {fileID: 3172754458272320809, guid: bb030c0ebc1e52d4788e094222b649cf, type: 3}
      propertyPath: m_LocalEulerAnglesHint.y
      value: 0
      objectReference: {fileID: 0}
    - target: {fileID: 3172754458272320809, guid: bb030c0ebc1e52d4788e094222b649cf, type: 3}
      propertyPath: m_LocalEulerAnglesHint.z
      value: 0
      objectReference: {fileID: 0}
    - target: {fileID: 3240086443362714952, guid: bb030c0ebc1e52d4788e094222b649cf, type: 3}
      propertyPath: m_Mesh
      value: 
      objectReference: {fileID: 0}
    - target: {fileID: 3988455998173481029, guid: bb030c0ebc1e52d4788e094222b649cf, type: 3}
      propertyPath: m_Mesh
      value: 
      objectReference: {fileID: 0}
    - target: {fileID: 5029795632482970321, guid: bb030c0ebc1e52d4788e094222b649cf, type: 3}
      propertyPath: m_Mesh
      value: 
      objectReference: {fileID: 0}
    - target: {fileID: 5657723336055654927, guid: bb030c0ebc1e52d4788e094222b649cf, type: 3}
      propertyPath: m_Mesh
      value: 
      objectReference: {fileID: 0}
    - target: {fileID: 6326786835645967243, guid: bb030c0ebc1e52d4788e094222b649cf, type: 3}
      propertyPath: m_Mesh
      value: 
      objectReference: {fileID: 0}
    - target: {fileID: 7059194122190324775, guid: bb030c0ebc1e52d4788e094222b649cf, type: 3}
      propertyPath: m_Mesh
      value: 
      objectReference: {fileID: 0}
    - target: {fileID: 8237621528504041007, guid: bb030c0ebc1e52d4788e094222b649cf, type: 3}
      propertyPath: m_Mesh
      value: 
      objectReference: {fileID: 0}
    - target: {fileID: 8942786637223772004, guid: bb030c0ebc1e52d4788e094222b649cf, type: 3}
      propertyPath: m_Mesh
      value: 
      objectReference: {fileID: 0}
    m_RemovedComponents: []
  m_SourcePrefab: {fileID: 100100000, guid: bb030c0ebc1e52d4788e094222b649cf, type: 3}
--- !u!4 &6040206952640512699 stripped
Transform:
  m_CorrespondingSourceObject: {fileID: 3172754458272320809, guid: bb030c0ebc1e52d4788e094222b649cf, type: 3}
  m_PrefabInstance: {fileID: 9211201981692006290}
  m_PrefabAsset: {fileID: 0}
